New York Rangers vs Pittsburgh Penguins
Created - Tuesday, April 23, 2024 at 07:16
Goals
|
| New York Rangers |
1 |
0 |
0 |
0 |
1 |
| Pittsburgh Penguins |
0 |
0 |
1 |
1 |
2 |
|
Shots
|
| New York Rangers |
18 |
9 |
10 |
0 |
37 |
| Pittsburgh Penguins |
5 |
8 |
8 |
1 |
22 |
|
1st period
1. New York Rangers , Artemi Panarin 20 (Nathan MacKinnon 31, David Kampf 13) at 1:20
Penalties :
No Penalty
2nd period
No Goal
Penalties :
Adam Larsson (NYR) for Interference (Minor) at 1:16, Erik Karlsson (PIT) for Roughing (Minor) at 9:31
3rd period
2. Pittsburgh Penguins , Leon Draisaitl 20 (Mitchell Marner 24, Mattias Ekholm 8) at 19:03
Penalties :
Ryan Suter (PIT) for Roughing (Minor) at 0:41
Overtime #1
3. Pittsburgh Penguins , Tom Wilson 6 (Gabriel Vilardi 9, Brian Dumoulin 17) at 2:51
Penalties :
No Penalty
Goalie Stats
Igor Shesterkin (NYR), 20 saves from 22 shots - (0.909), OTL, 29-12-5, 62:51 minutes
Akira Schmid (PIT), 36 saves from 37 shots - (0.973), W, 14-6-3, 62:22 minutes
Players Stats for New York Rangers
Player Name G A P +/- PIM S H SB GA TA FO MP PP MP PK MP
------------------------------------------------------------------------------------
Adam Larsson 0 0 0 -1 2 0 2 0 0 0 0/0 22:17 2:50 0:00
Artemi Panarin 1 0 1 0 0 4 0 0 1 0 0/0 20:19 2:43 0:00
Cam Fowler 0 0 0 -1 0 2 3 1 0 0 0/0 20:55 0:00 0:00
Cole Caufield 0 0 0 0 0 1 1 0 2 1 0/0 16:48 1:15 0:00
Conor Garland 0 0 0 0 0 0 0 1 0 0 0/0 12:25 0:00 0:00
David Kampf 0 1 1 -1 0 4 0 1 1 0 0/4 11:59 0:00 0:57
Dmitry Kulikov 0 0 0 0 0 1 1 4 0 0 0/0 21:40 0:00 1:02
Eric Robinson 0 0 0 0 0 1 1 0 1 0 0/0 11:40 0:00 1:02
Filip Chytil 0 0 0 0 0 0 2 0 0 0 1/12 15:23 1:08 0:00
Gabriel Landeskog 0 0 0 0 0 2 5 0 1 0 0/0 14:06 1:15 0:00
Jake McCabe 0 0 0 0 0 1 0 2 1 0 0/0 17:52 0:00 0:57
Mark Giordano 0 0 0 0 0 3 1 0 0 0 0/0 19:53 1:08 0:57
Mathew Barzal 0 0 0 0 0 9 2 0 1 0 1/1 18:05 2:50 0:00
Matthew Benning 0 0 0 0 0 0 2 2 0 0 0/0 18:11 0:00 1:02
Mikael Granlund 0 0 0 -1 0 3 3 0 0 0 4/8 15:00 1:15 1:02
Nathan MacKinnon 0 1 1 0 0 4 0 0 1 0 0/1 20:19 2:43 0:00
Pierre-Luc Dubois 0 0 0 1 0 2 1 0 0 1 11/14 20:05 2:43 0:00
Tyler Motte 0 0 0 -1 0 0 1 1 0 0 0/0 12:27 0:00 0:57
Players Stats for Pittsburgh Penguins
Player Name G A P +/- PIM S H SB GA TA FO MP PP MP PK MP
------------------------------------------------------------------------------------
Anders Lee 0 0 0 0 0 2 1 0 0 0 0/1 16:11 0:56 0:00
Brian Dumoulin 0 1 1 -1 0 0 3 3 0 0 0/0 22:05 0:44 1:56
Colton Sissons 0 0 0 0 0 0 1 0 0 0 0/1 9:03 0:00 0:00
Erik Gudbranson 0 0 0 1 0 1 1 1 0 0 0/0 17:35 0:00 1:27
Erik Karlsson 0 0 0 1 2 2 1 0 0 1 0/0 24:01 1:15 0:41
Gabriel Vilardi 0 1 1 1 0 2 0 1 0 0 0/0 10:16 0:00 0:00
J.J. Moser 0 0 0 1 0 0 0 0 0 0 0/0 17:21 0:00 1:12
Jean-Gabriel Pageau 0 0 0 0 0 1 1 0 0 1 11/15 16:11 0:56 0:00
Jordan Eberle 0 0 0 -1 0 2 2 0 1 0 0/0 16:52 0:00 0:00
Leon Draisaitl 1 0 1 1 0 2 1 0 0 0 7/11 19:10 1:03 1:40
Mattias Ekholm 0 1 1 1 0 0 0 0 0 2 0/0 24:17 1:15 2:02
Mitchell Marner 0 1 1 1 0 3 1 1 0 1 0/0 19:10 1:03 1:40
Pavel Buchnevich 0 0 0 1 0 0 0 1 0 0 1/1 19:59 1:03 2:07
Phillip Danault 0 0 0 -1 0 1 2 0 0 1 3/7 13:28 0:00 0:17
Ryan Johansen 0 0 0 -1 0 1 1 1 0 0 1/1 13:11 0:00 0:00
Ryan Suter 0 0 0 -1 2 0 0 1 0 1 0/0 21:20 0:44 0:38
Sam Reinhart 0 0 0 0 0 4 2 0 1 2 0/2 20:10 0:56 2:12
Tom Wilson 1 0 1 1 0 1 3 0 0 0 0/1 7:04 0:00 0:00
3 Stars
1 - Akira Schmid (PIT)
2 - Tom Wilson (PIT)
3 - Leon Draisaitl (PIT)
Power Play
New York Rangers - 0 on 2 Attempt(s) - 0.00%
Pittsburgh Penguins - 0 on 1 Attempt(s) - 0.00%
Penalty Kill
New York Rangers - 1 on 1 Attempt(s) - 100.00%
- Score 0 goal in Penalty Kill
Pittsburgh Penguins - 2 on 2 Attempt(s) - 100.00%
- Score 0 goal in Penalty Kill
Team Stat
New York Rangers - Hits : 25 - Faceoff Wins : 17 - Blocked Shots : 12 - Penalty Minutes : 2
Pittsburgh Penguins - Hits : 20 - Faceoff Wins : 23 - Blocked Shots : 9 - Penalty Minutes : 4
Official
Referees : Kendrick Nicholson and Brad Watson
Linesman : Mark Wheler and David Brisebois
Game Notes
No Game Note
Finance
Level 1 -- Attendance: 4701 (78.35%) -- Ticket Income $470,100
Level 2 -- Attendance: 3888 (77.76%) -- Ticket Income $233,280
Level 3 -- Attendance: 2341 (78.03%) -- Ticket Income $81,935
Level 4 -- Attendance: 3746 (74.92%) -- Ticket Income $93,650
Luxury Box -- Attendance: 791 (79.10%) -- Ticket Income $158,200
Game was played at the Consol Energy Center.
Total Attendance: 15467 (77.34%)
Total Ticket Income: $1,037,165
Other Income: $363,008
Total Income: $1,400,173
New York Rangers
5 vs 5 Forward
Center Left Wing Right Wing Time % Phy DF OF
1 Pierre-Luc Dubois Artemi Panarin Nathan MacKinnon 37 0 1 4
2 Filip Chytil Cole Caufield Mathew Barzal 30 1 1 3
3 Mikael Granlund Conor Garland Gabriel Landeskog 23 1 2 2
4 David Kampf Eric Robinson Tyler Motte 10 1 3 1
5 vs 5 Defense
Defense Defense Time % Phy DF OF
1 Cam Fowler Dmitry Kulikov 35 1 2 2
2 Adam Larsson Mark Giordano 33 1 2 2
3 Matthew Benning Jake McCabe 32 1 2 2
4 Cam Fowler Adam Larsson 0 1 2 2
PowerPlay Forward
Center Left Wing Right Wing Time % Phy DF OF
1 Pierre-Luc Dubois Nathan MacKinnon Artemi Panarin 50 0 1 4
2 Mikael Granlund Gabriel Landeskog Cole Caufield 50 0 1 4
PowerPlay Defense
Defense Defense Time % Phy DF OF
1 Mathew Barzal Adam Larsson 60 1 1 3
2 Filip Chytil Mark Giordano 40 1 1 3
Penalty Kill 4 Players Forward
Center Wing Time % Phy DF OF
1 David Kampf Tyler Motte 50 1 3 1
2 Mikael Granlund Eric Robinson 50 1 3 1
Penalty Kill 4 Players Defense
Defense Defense Time % Phy DF OF
1 Matthew Benning Dmitry Kulikov 50 1 3 1
2 Adam Larsson Mark Giordano 50 1 3 1
Penalty Kill - 3 Players Forward
Forward Time % Phy DF OF
1 Mikael Granlund 50 1 2 2
2 David Kampf 50 1 2 2
Penalty Kill - 3 Players Defense
Defense Defense Time % Phy DF OF
1 Matthew Benning Dmitry Kulikov 50 1 3 1
2 Adam Larsson Mark Giordano 50 1 3 1
4 vs 4 Forward
Center Wing Time % Phy DF OF
1 Nathan MacKinnon Artemi Panarin 50 0 2 3
2 Pierre-Luc Dubois Cole Caufield 50 0 2 3
4 vs 4 Defense
Defense Defense Time % Phy DF OF
1 Cam Fowler Adam Larsson 50 1 2 2
2 Dmitry Kulikov Mark Giordano 50 1 2 2
Last Minutes Offensive
Center Left Wing Right Wing Defense Defense
Nathan MacKinnon Cole Caufield Pierre-Luc Dubois Cam Fowler Adam Larsson
Last Minutes Defensive
Center Left Wing Right Wing Defense Defense
David Kampf Tyler Motte Mikael Granlund Dmitry Kulikov Adam Larsson
Goaltenders
Starting : Igor Shesterkin
Backup : Tristan Jarry
Extra Forwards
Normal : Nathan MacKinnon, Pierre-Luc Dubois, Gabriel Landeskog - PP : Gabriel Landeskog, Cole Caufield - PK : David Kampf
Extra Defensemen
Normal : Matthew Benning, Jake McCabe, Dmitry Kulikov - PP : Matthew Benning - PK : Jake McCabe, Dmitry Kulikov
Penalty Shots
Artemi Panarin, Cole Caufield, Pierre-Luc Dubois, Mark Giordano, David Kampf
Pittsburgh Penguins
5 vs 5 Forward
Center Left Wing Right Wing Time % Phy DF OF
1 Leon Draisaitl Pavel Buchnevich Mitchell Marner 30 1 2 2
2 Jean-Gabriel Pageau Anders Lee Sam Reinhart 30 1 2 2
3 Phillip Danault Jordan Eberle Ryan Johansen 25 1 2 2
4 Colton Sissons Gabriel Vilardi Jordan Eberle 15 1 2 2
5 vs 5 Defense
Defense Defense Time % Phy DF OF
1 Erik Karlsson Mattias Ekholm 35 1 2 2
2 Ryan Suter Brian Dumoulin 35 1 2 2
3 Erik Gudbranson J.J. Moser 30 1 2 2
4 Erik Karlsson Mattias Ekholm 0 1 2 2
PowerPlay Forward
Center Left Wing Right Wing Time % Phy DF OF
1 Leon Draisaitl Pavel Buchnevich Mitchell Marner 50 1 2 2
2 Jean-Gabriel Pageau Anders Lee Sam Reinhart 50 1 2 2
PowerPlay Defense
Defense Defense Time % Phy DF OF
1 Erik Karlsson Mattias Ekholm 50 1 2 2
2 Ryan Suter Brian Dumoulin 50 1 2 2
Penalty Kill 4 Players Forward
Center Wing Time % Phy DF OF
1 Leon Draisaitl Mitchell Marner 50 1 2 2
2 Sam Reinhart Pavel Buchnevich 50 1 2 2
Penalty Kill 4 Players Defense
Defense Defense Time % Phy DF OF
1 Erik Karlsson Mattias Ekholm 50 1 2 2
2 Ryan Suter Brian Dumoulin 50 1 2 2
Penalty Kill - 3 Players Forward
Forward Time % Phy DF OF
1 Leon Draisaitl 50 1 2 2
2 Mitchell Marner 50 1 2 2
Penalty Kill - 3 Players Defense
Defense Defense Time % Phy DF OF
1 Erik Karlsson Mattias Ekholm 50 1 2 2
2 Ryan Suter Brian Dumoulin 50 1 2 2
4 vs 4 Forward
Center Wing Time % Phy DF OF
1 Leon Draisaitl Mitchell Marner 50 1 2 2
2 Sam Reinhart Pavel Buchnevich 50 1 2 2
4 vs 4 Defense
Defense Defense Time % Phy DF OF
1 Erik Karlsson Mattias Ekholm 50 1 2 2
2 Ryan Suter Brian Dumoulin 50 1 2 2
Last Minutes Offensive
Center Left Wing Right Wing Defense Defense
Leon Draisaitl Pavel Buchnevich Mitchell Marner Erik Karlsson Mattias Ekholm
Last Minutes Defensive
Center Left Wing Right Wing Defense Defense
Leon Draisaitl Pavel Buchnevich Mitchell Marner Erik Karlsson Mattias Ekholm
Goaltenders
Starting : Akira Schmid
Backup : Marc-Andre Fleury
Extra Forwards
Normal : Tom Wilson, Gabriel Vilardi, Phillip Danault - PP : Tom Wilson, Gabriel Vilardi - PK : Phillip Danault
Extra Defensemen
Normal : Erik Gudbranson, J.J. Moser, Ryan Suter - PP : Erik Gudbranson - PK : J.J. Moser, Ryan Suter
Penalty Shots
Leon Draisaitl, Mitchell Marner, Sam Reinhart, Pavel Buchnevich, Jean-Gabriel Pageau
% Time on Ice - New York Rangers
Lines # - Real PCT - Wanted PCT - Time Play
Normal Forward
1 - 31% - 37% - 16:28
2 - 27% - 30% - 14:15
3 - 23% - 23% - 12:25
4 - 20% - 10% - 10:38
Normal Defense
1 - 36% - 35% - 19:32
2 - 30% - 33% - 16:04
3 - 32% - 32% - 17:09
4 - 2% - 0% - 1:01
PP Forward
1 - 68% - 50% - 2:43
2 - 32% - 50% - 1:15
PP Defense
1 - 71% - 60% - 2:50
2 - 29% - 40% - 1:08
PK Forward
1 - 48% - 50% - 0:57
2 - 52% - 50% - 1:02
PK Defense
1 - 52% - 50% - 1:02
2 - 48% - 50% - 0:57
PK3 Forward
1 - 0% - 50%
2 - 0% - 50%
PK3 Defense
1 - 0% - 50%
2 - 0% - 50%
44 Forward
1 - 50% - 50% - 1:25
2 - 50% - 50% - 1:26
44 Defense
1 - 49% - 50% - 1:24
2 - 51% - 50% - 1:27
Last Minute Offensive - 0:00
Last Minute Defensive - 0:17
Total
Forward - 62:51
Defense - 62:51
|
% Time on Ice - Pittsburgh Penguins
Lines # - Real PCT - Wanted PCT - Time Play
Normal Forward
1 - 28% - 30% - 14:55
2 - 31% - 30% - 16:37
3 - 25% - 25% - 13:11
4 - 17% - 15% - 9:03
Normal Defense
1 - 33% - 35% - 17:35
2 - 34% - 35% - 18:17
3 - 29% - 30% - 15:23
4 - 5% - 0% - 2:31
PP Forward
1 - 53% - 50% - 1:03
2 - 47% - 50% - 0:56
PP Defense
1 - 63% - 50% - 1:15
2 - 37% - 50% - 0:44
PK Forward
1 - 45% - 50% - 1:46
2 - 55% - 50% - 2:12
PK Defense
1 - 51% - 50% - 2:02
2 - 49% - 50% - 1:56
PK3 Forward
1 - 0% - 50%
2 - 0% - 50%
PK3 Defense
1 - 0% - 50%
2 - 0% - 50%
44 Forward
1 - 56% - 50% - 1:35
2 - 44% - 50% - 1:16
44 Defense
1 - 57% - 50% - 1:38
2 - 43% - 50% - 1:13
Last Minute Offensive - 0:17
Last Minute Defensive - 0:00
Total
Forward - 62:51
Defense - 62:51
|
Play-by-Play
1st period
0:01 of 1st period - Pierre-Luc Dubois wins face-off versus Leon Draisaitl in neutral zone.
0:31 of 1st period - Dmitry Kulikov is hit by Jean-Gabriel Pageau and loses puck.
0:50 of 1st period - Snap shot by Mikael Granlund.
0:50 of 1st period - Shot Blocked by Ryan Johansen.
0:58 of 1st period - Slapshot by Mikael Granlund.
0:58 of 1st period - Stopped by Akira Schmid with a rebound.
1:10 of 1st period - Wrist shot by Artemi Panarin.
1:10 of 1st period - Stopped by Akira Schmid with a rebound.
1:18 of 1st period - Wrist shot by Artemi Panarin.
1:18 of 1st period - Shot Misses the Net.
1:20 of 1st period - Slapshot by Artemi Panarin.
1:20 of 1st period - Goal by Artemi Panarin - New York Rangers : 1 - Pittsburgh Penguins : 0.
1:21 of 1st period - Leon Draisaitl wins face-off versus David Kampf in neutral zone.
1:40 of 1st period - Jake McCabe is hit by Erik Gudbranson and loses puck.
2:58 of 1st period - Snap shot by Gabriel Vilardi.
2:58 of 1st period - Shot Blocked by Jake McCabe.
3:16 of 1st period - Slapshot by Eric Robinson.
3:16 of 1st period - Shot Misses the Net.
3:18 of 1st period - Snap shot by Jake McCabe.
3:18 of 1st period - Stopped by Akira Schmid with a rebound.
3:51 of 1st period - Wrist shot by David Kampf.
3:51 of 1st period - Shot Misses the Net.
4:20 of 1st period - Wrist shot by David Kampf.
4:20 of 1st period - Stopped by Akira Schmid without a rebound.
4:21 of 1st period - Pierre-Luc Dubois wins face-off versus Jean-Gabriel Pageau in Pittsburgh Penguins zone.
4:48 of 1st period - Adam Larsson is hit by Brian Dumoulin.
5:16 of 1st period - J.J. Moser is hit by Gabriel Landeskog and loses puck.
6:15 of 1st period - Brian Dumoulin is hit by Mikael Granlund and loses puck.
7:21 of 1st period - Wrist shot by Gabriel Landeskog.
7:21 of 1st period - Shot Misses the Net.
7:23 of 1st period - Wrist shot by Mikael Granlund.
7:23 of 1st period - Shot Misses the Net.
7:25 of 1st period - Slapshot by Mark Giordano.
7:25 of 1st period - Deflect By Gabriel Landeskog.
7:25 of 1st period - Shot Misses the Net.
7:25 of 1st period - Puck is out of play.
7:26 of 1st period - Filip Chytil wins face-off versus Jean-Gabriel Pageau in Pittsburgh Penguins zone.
7:27 of 1st period - Snap shot by Mathew Barzal.
7:27 of 1st period - Stopped by Akira Schmid with a rebound.
7:29 of 1st period - Slapshot by Cam Fowler.
7:29 of 1st period - Stopped by Akira Schmid without a rebound.
7:30 of 1st period - Jean-Gabriel Pageau wins face-off versus Filip Chytil in Pittsburgh Penguins zone.
8:06 of 1st period - Wrist shot by Nathan MacKinnon.
8:06 of 1st period - Stopped by Akira Schmid with a rebound.
8:43 of 1st period - Slapshot by Anders Lee.
8:43 of 1st period - Stopped by Igor Shesterkin with a rebound.
9:19 of 1st period - Icing by Colton Sissons.
9:20 of 1st period - Jean-Gabriel Pageau wins face-off versus Filip Chytil in Pittsburgh Penguins zone.
9:33 of 1st period - Slapshot by Sam Reinhart.
9:33 of 1st period - Stopped by Igor Shesterkin without a rebound.
9:34 of 1st period - Leon Draisaitl wins face-off versus Pierre-Luc Dubois in New York Rangers zone.
9:35 of 1st period - Slapshot by Mitchell Marner.
9:35 of 1st period - Stopped by Igor Shesterkin with a rebound.
9:47 of 1st period - Snap shot by Artemi Panarin.
9:47 of 1st period - Stopped by Akira Schmid without a rebound.
9:48 of 1st period - Jean-Gabriel Pageau wins face-off versus Filip Chytil in Pittsburgh Penguins zone.
10:01 of 1st period - Wrist shot by Mathew Barzal.
10:01 of 1st period - Stopped by Akira Schmid with a rebound.
10:59 of 1st period - Adam Larsson is hit by Colton Sissons and loses puck.
11:35 of 1st period - Leon Draisaitl is hit by Pierre-Luc Dubois and loses puck.
12:01 of 1st period - Snap shot by Mathew Barzal.
12:01 of 1st period - Stopped by Akira Schmid without a rebound.
12:02 of 1st period - Pierre-Luc Dubois wins face-off versus Phillip Danault in Pittsburgh Penguins zone.
12:05 of 1st period - Slapshot by Nathan MacKinnon.
12:05 of 1st period - Stopped by Akira Schmid with a rebound.
12:51 of 1st period - Mitchell Marner is hit by Mikael Granlund and loses puck.
13:27 of 1st period - Snap shot by Jean-Gabriel Pageau.
13:27 of 1st period - Stopped by Igor Shesterkin with a rebound.
13:41 of 1st period - Slapshot by Mark Giordano.
13:41 of 1st period - Shot Blocked by Pavel Buchnevich.
15:05 of 1st period - Wrist shot by David Kampf.
15:05 of 1st period - Shot Misses the Net.
15:07 of 1st period - Slapshot by Mark Giordano.
15:07 of 1st period - Stopped by Akira Schmid with a rebound.
15:35 of 1st period - Icing by Artemi Panarin.
15:36 of 1st period - Pierre-Luc Dubois wins face-off versus Tom Wilson in New York Rangers zone.
15:36 of 1st period - Pierre-Luc Dubois is hit by Ryan Johansen.
15:58 of 1st period - Wrist shot by Artemi Panarin.
15:58 of 1st period - Deflect By Nathan MacKinnon.
15:58 of 1st period - Stopped by Akira Schmid with a rebound.
16:08 of 1st period - Dmitry Kulikov is hit by Tom Wilson and loses puck.
16:13 of 1st period - Wrist shot by Ryan Johansen.
16:13 of 1st period - Shot Misses the Net.
17:13 of 1st period - Off-side.
17:14 of 1st period - Pavel Buchnevich wins face-off versus Filip Chytil in neutral zone.
17:17 of 1st period - Wrist shot by Mitchell Marner.
17:17 of 1st period - Shot Misses the Net.
17:54 of 1st period - Jordan Eberle is hit by Mathew Barzal and loses puck.
18:03 of 1st period - Snap shot by Mathew Barzal.
18:03 of 1st period - Stopped by Akira Schmid without a rebound.
18:04 of 1st period - Mikael Granlund wins face-off versus Anders Lee in Pittsburgh Penguins zone.
18:15 of 1st period - Wrist shot by Mikael Granlund.
18:15 of 1st period - Stopped by Akira Schmid with a rebound.
18:17 of 1st period - Snap shot by Mark Giordano.
18:17 of 1st period - Stopped by Akira Schmid without a rebound.
18:18 of 1st period - Mikael Granlund wins face-off versus Leon Draisaitl in Pittsburgh Penguins zone.
18:45 of 1st period - David Kampf is hit by Anders Lee and loses puck.
19:08 of 1st period - Slapshot by Jordan Eberle.
19:08 of 1st period - Stopped by Igor Shesterkin with a rebound.
19:44 of 1st period - Mattias Ekholm is hit by Gabriel Landeskog and loses puck.
19:57 of 1st period - Slapshot by Gabriel Landeskog.
19:57 of 1st period - Stopped by Akira Schmid with a rebound.
Goals for this period are 1 for New York Rangers vs 0 for Pittsburgh Penguins.
Shots for this period are 18 for New York Rangers vs 5 for Pittsburgh Penguins.
2nd period
0:01 of 2nd period - Jean-Gabriel Pageau wins face-off versus Filip Chytil in neutral zone.
0:09 of 2nd period - Anders Lee is hit by Filip Chytil and loses puck.
0:17 of 2nd period - Slapshot by Sam Reinhart.
0:17 of 2nd period - Stopped by Igor Shesterkin without a rebound.
0:18 of 2nd period - Pierre-Luc Dubois wins face-off versus Leon Draisaitl in New York Rangers zone.
0:31 of 2nd period - Slapshot by Leon Draisaitl.
0:31 of 2nd period - Stopped by Igor Shesterkin with a rebound.
0:33 of 2nd period - Snap shot by Mitchell Marner.
0:33 of 2nd period - Stopped by Igor Shesterkin with a rebound.
0:35 of 2nd period - Snap shot by Mitchell Marner.
0:35 of 2nd period - Deflect By Leon Draisaitl.
0:35 of 2nd period - Shot Blocked by Matthew Benning.
0:35 of 2nd period - Puck is out of play.
0:36 of 2nd period - Jean-Gabriel Pageau wins face-off versus Filip Chytil in New York Rangers zone.
0:41 of 2nd period - Wrist shot by Anders Lee.
0:41 of 2nd period - Deflect By Sam Reinhart.
0:41 of 2nd period - Stopped by Igor Shesterkin with a rebound.
0:51 of 2nd period - Snap shot by Anders Lee.
0:51 of 2nd period - Deflect By Sam Reinhart.
0:51 of 2nd period - Shot Misses the Net.
0:51 of 2nd period - Puck is out of play.
0:52 of 2nd period - Leon Draisaitl wins face-off versus Pierre-Luc Dubois in New York Rangers zone.
1:07 of 2nd period - Backhand shot by Nathan MacKinnon.
1:07 of 2nd period - Stopped by Akira Schmid with a rebound.
1:09 of 2nd period - Slapshot by Nathan MacKinnon.
1:09 of 2nd period - Shot Blocked by Ryan Suter.
1:16 of 2nd period - Minor Penalty to Adam Larsson for Interference.
1:17 of 2nd period - Leon Draisaitl wins face-off versus David Kampf in New York Rangers zone.
3:03 of 2nd period - Jake McCabe is hit by Erik Karlsson and loses puck.
3:16 of 2nd period - Penalty to Adam Larsson is over, Adam Larsson is back on ice.
4:21 of 2nd period - J.J. Moser is hit by Mathew Barzal and loses puck.
4:54 of 2nd period - Wrist shot by Mikael Granlund.
4:54 of 2nd period - Shot Misses the Net.
5:31 of 2nd period - Pavel Buchnevich is hit by Mikael Granlund and loses puck.
5:55 of 2nd period - Mark Giordano is hit by Jordan Eberle and loses puck.
6:31 of 2nd period - Artemi Panarin is hit by Tom Wilson and loses puck.
6:36 of 2nd period - Snap shot by Gabriel Vilardi.
6:36 of 2nd period - Shot Blocked by Dmitry Kulikov.
7:11 of 2nd period - Wrist shot by Tyler Motte.
7:11 of 2nd period - Shot Misses the Net.
7:13 of 2nd period - Wrist shot by Eric Robinson.
7:13 of 2nd period - Stopped by Akira Schmid with a rebound.
8:45 of 2nd period - Slapshot by Dmitry Kulikov.
8:45 of 2nd period - Shot Blocked by Brian Dumoulin.
8:47 of 2nd period - Snap shot by Tyler Motte.
8:47 of 2nd period - Shot Blocked by Brian Dumoulin.
9:03 of 2nd period - Snap shot by Mikael Granlund.
9:03 of 2nd period - Stopped by Akira Schmid with a rebound.
9:05 of 2nd period - Snap shot by Mikael Granlund.
9:05 of 2nd period - Shot Blocked by Brian Dumoulin.
9:31 of 2nd period - Minor Penalty to Erik Karlsson for Roughing.
9:32 of 2nd period - Pierre-Luc Dubois wins face-off versus Sam Reinhart in Pittsburgh Penguins zone.
9:51 of 2nd period - J.J. Moser is hit by Gabriel Landeskog and loses puck.
11:31 of 2nd period - Penalty to Erik Karlsson is over, Erik Karlsson is back on ice.
11:51 of 2nd period - Snap shot by Jordan Eberle.
11:51 of 2nd period - Stopped by Igor Shesterkin without a rebound.
11:52 of 2nd period - Phillip Danault wins face-off versus David Kampf in New York Rangers zone.
11:53 of 2nd period - Snap shot by Jordan Eberle.
11:53 of 2nd period - Shot Blocked by David Kampf.
12:17 of 2nd period - Jean-Gabriel Pageau is hit by Cam Fowler and loses puck.
12:38 of 2nd period - Mitchell Marner is hit by Matthew Benning and loses puck.
12:47 of 2nd period - Mitchell Marner is hit by Adam Larsson and loses puck.
13:00 of 2nd period - Snap shot by David Kampf.
13:00 of 2nd period - Shot Misses the Net.
13:02 of 2nd period - Wrist shot by David Kampf.
13:02 of 2nd period - Stopped by Akira Schmid without a rebound.
13:03 of 2nd period - Pierre-Luc Dubois wins face-off versus Colton Sissons in Pittsburgh Penguins zone.
13:31 of 2nd period - Slapshot by Jordan Eberle.
13:31 of 2nd period - Shot Misses the Net.
13:33 of 2nd period - Snap shot by Colton Sissons.
13:33 of 2nd period - Shot Misses the Net.
13:35 of 2nd period - Snap shot by Gabriel Vilardi.
13:35 of 2nd period - Stopped by Igor Shesterkin without a rebound.
13:36 of 2nd period - Jean-Gabriel Pageau wins face-off versus Filip Chytil in New York Rangers zone.
13:39 of 2nd period - Snap shot by Sam Reinhart.
13:39 of 2nd period - Stopped by Igor Shesterkin with a rebound.
13:41 of 2nd period - Slapshot by Erik Karlsson.
13:41 of 2nd period - Stopped by Igor Shesterkin without a rebound.
13:42 of 2nd period - Jean-Gabriel Pageau wins face-off versus Filip Chytil in New York Rangers zone.
13:53 of 2nd period - Snap shot by Jean-Gabriel Pageau.
13:53 of 2nd period - Shot Misses the Net.
15:13 of 2nd period - Mitchell Marner is hit by Cam Fowler and loses puck.
15:34 of 2nd period - Snap shot by Artemi Panarin.
15:34 of 2nd period - Shot Misses the Net.
15:36 of 2nd period - Slapshot by Cam Fowler.
15:36 of 2nd period - Shot Hit the Post.
15:38 of 2nd period - Slapshot by Pierre-Luc Dubois.
15:38 of 2nd period - Stopped by Akira Schmid with a rebound.
15:42 of 2nd period - Snap shot by Artemi Panarin.
15:42 of 2nd period - Shot Hit the Post.
15:44 of 2nd period - Slapshot by Artemi Panarin.
15:44 of 2nd period - Shot Misses the Net.
15:46 of 2nd period - Snap shot by Pierre-Luc Dubois.
15:46 of 2nd period - Shot Blocked by Gabriel Vilardi.
16:16 of 2nd period - J.J. Moser is hit by Mark Giordano and loses puck.
16:37 of 2nd period - Jordan Eberle is hit by Matthew Benning and loses puck.
17:31 of 2nd period - Cole Caufield is hit by Sam Reinhart and loses puck.
17:42 of 2nd period - Erik Karlsson is hit by Dmitry Kulikov and loses puck.
18:17 of 2nd period - Wrist shot by Pierre-Luc Dubois.
18:17 of 2nd period - Stopped by Akira Schmid with a rebound.
18:47 of 2nd period - Snap shot by Gabriel Vilardi.
18:47 of 2nd period - Shot Blocked by Dmitry Kulikov.
18:49 of 2nd period - Wrist shot by Gabriel Vilardi.
18:49 of 2nd period - Shot Blocked by Dmitry Kulikov.
19:05 of 2nd period - Wrist shot by Gabriel Landeskog.
19:05 of 2nd period - Stopped by Akira Schmid with a rebound.
19:07 of 2nd period - Wrist shot by Eric Robinson.
19:07 of 2nd period - Shot Blocked by Mitchell Marner.
19:09 of 2nd period - Slapshot by Cam Fowler.
19:09 of 2nd period - Stopped by Akira Schmid with a rebound.
19:11 of 2nd period - Slapshot by Tyler Motte.
19:11 of 2nd period - Deflect By David Kampf.
19:11 of 2nd period - Stopped by Akira Schmid without a rebound.
19:12 of 2nd period - Jean-Gabriel Pageau wins face-off versus Filip Chytil in Pittsburgh Penguins zone.
19:53 of 2nd period - Off-side.
19:54 of 2nd period - Pierre-Luc Dubois wins face-off versus Phillip Danault in neutral zone.
Goals for this period are 0 for New York Rangers vs 0 for Pittsburgh Penguins.
Shots for this period are 9 for New York Rangers vs 8 for Pittsburgh Penguins.
3rd period
0:01 of 3rd period - Jean-Gabriel Pageau wins face-off versus Pierre-Luc Dubois in neutral zone.
0:04 of 3rd period - Snap shot by Anders Lee.
0:04 of 3rd period - Stopped by Igor Shesterkin with a rebound.
0:26 of 3rd period - Pavel Buchnevich is hit by Filip Chytil and loses puck.
0:41 of 3rd period - Minor Penalty to Ryan Suter for Roughing.
0:42 of 3rd period - Mikael Granlund wins face-off versus Sam Reinhart in Pittsburgh Penguins zone.
2:41 of 3rd period - Penalty to Ryan Suter is over, Ryan Suter is back on ice.
3:32 of 3rd period - Backhand shot by Nathan MacKinnon.
3:32 of 3rd period - Shot Misses the Net.
3:34 of 3rd period - Slapshot by Artemi Panarin.
3:34 of 3rd period - Stopped by Akira Schmid without a rebound.
3:35 of 3rd period - Ryan Johansen wins face-off versus Mikael Granlund in Pittsburgh Penguins zone.
4:06 of 3rd period - Slapshot by Gabriel Vilardi.
4:06 of 3rd period - Shot Blocked by Jake McCabe.
4:53 of 3rd period - Icing by Cam Fowler.
4:54 of 3rd period - Leon Draisaitl wins face-off versus David Kampf in New York Rangers zone.
5:11 of 3rd period - Tyler Motte is hit by Tom Wilson and loses puck.
5:16 of 3rd period - Slapshot by Jean-Gabriel Pageau.
5:16 of 3rd period - Shot Misses the Net.
5:18 of 3rd period - Slapshot by Erik Gudbranson.
5:18 of 3rd period - Shot Misses the Net.
5:20 of 3rd period - Wrist shot by Erik Gudbranson.
5:20 of 3rd period - Stopped by Igor Shesterkin with a rebound.
5:22 of 3rd period - Slapshot by Jean-Gabriel Pageau.
5:22 of 3rd period - Shot Misses the Net.
5:36 of 3rd period - Wrist shot by Mitchell Marner.
5:36 of 3rd period - Shot Misses the Net.
5:38 of 3rd period - Snap shot by J.J. Moser.
5:38 of 3rd period - Shot Misses the Net.
5:40 of 3rd period - Wrist shot by Gabriel Vilardi.
5:40 of 3rd period - Stopped by Igor Shesterkin with a rebound.
5:42 of 3rd period - Wrist shot by Erik Gudbranson.
5:42 of 3rd period - Shot Misses the Net.
5:44 of 3rd period - Slapshot by Erik Karlsson.
5:44 of 3rd period - Stopped by Igor Shesterkin without a rebound.
5:45 of 3rd period - Mikael Granlund wins face-off versus Phillip Danault in New York Rangers zone.
6:11 of 3rd period - Cole Caufield is hit by Sam Reinhart and loses puck.
6:22 of 3rd period - Cole Caufield is hit by Brian Dumoulin and loses puck.
6:53 of 3rd period - Mark Giordano is hit by Mitchell Marner and loses puck.
8:22 of 3rd period - Ryan Suter is hit by Cam Fowler and loses puck.
8:45 of 3rd period - Wrist shot by Mitchell Marner.
8:45 of 3rd period - Shot Blocked by Matthew Benning.
9:20 of 3rd period - Icing by Tom Wilson.
9:21 of 3rd period - Mathew Barzal wins face-off versus Jean-Gabriel Pageau in Pittsburgh Penguins zone.
9:50 of 3rd period - Slapshot by Erik Gudbranson.
9:50 of 3rd period - Shot Blocked by Dmitry Kulikov.
9:56 of 3rd period - J.J. Moser is hit by Tyler Motte and loses puck.
10:05 of 3rd period - Erik Gudbranson is hit by Eric Robinson and loses puck.
10:23 of 3rd period - Sam Reinhart is hit by Adam Larsson and loses puck.
10:40 of 3rd period - Snap shot by Mitchell Marner.
10:40 of 3rd period - Deflect By Pavel Buchnevich.
10:40 of 3rd period - Shot Misses the Net.
10:40 of 3rd period - Puck is out of play.
10:41 of 3rd period - Pierre-Luc Dubois wins face-off versus Leon Draisaitl in New York Rangers zone.
10:41 of 3rd period - Pierre-Luc Dubois is hit by Leon Draisaitl.
11:22 of 3rd period - Snap shot by Mathew Barzal.
11:22 of 3rd period - Stopped by Akira Schmid with a rebound.
12:09 of 3rd period - Cam Fowler is hit by Phillip Danault and loses puck.
12:22 of 3rd period - Snap shot by Mathew Barzal.
12:22 of 3rd period - Stopped by Akira Schmid with a rebound.
12:24 of 3rd period - Slapshot by Dmitry Kulikov.
12:24 of 3rd period - Stopped by Akira Schmid without a rebound.
12:25 of 3rd period - Jean-Gabriel Pageau wins face-off versus Filip Chytil in Pittsburgh Penguins zone.
12:41 of 3rd period - Slapshot by Mark Giordano.
12:41 of 3rd period - Shot Misses the Net.
13:06 of 3rd period - Wrist shot by Mathew Barzal.
13:06 of 3rd period - Stopped by Akira Schmid with a rebound.
13:08 of 3rd period - Wrist shot by Filip Chytil.
13:08 of 3rd period - Shot Misses the Net.
13:14 of 3rd period - Wrist shot by Cole Caufield.
13:14 of 3rd period - Shot Misses the Net.
13:16 of 3rd period - Snap shot by Mathew Barzal.
13:16 of 3rd period - Stopped by Akira Schmid with a rebound.
13:18 of 3rd period - Snap shot by Filip Chytil.
13:18 of 3rd period - Deflect By Cole Caufield.
13:18 of 3rd period - Stopped by Akira Schmid with a rebound.
13:20 of 3rd period - Snap shot by Mathew Barzal.
13:20 of 3rd period - Shot Blocked by Erik Gudbranson.
13:22 of 3rd period - Snap shot by Filip Chytil.
13:22 of 3rd period - Shot Misses the Net.
13:24 of 3rd period - Slapshot by Mark Giordano.
13:24 of 3rd period - Stopped by Akira Schmid without a rebound.
13:25 of 3rd period - Pierre-Luc Dubois wins face-off versus Phillip Danault in Pittsburgh Penguins zone.
13:39 of 3rd period - Off-side.
13:40 of 3rd period - Pierre-Luc Dubois wins face-off versus Jean-Gabriel Pageau in neutral zone.
14:05 of 3rd period - Erik Karlsson is hit by Gabriel Landeskog and loses puck.
14:10 of 3rd period - Slapshot by Mikael Granlund.
14:10 of 3rd period - Shot Misses the Net.
14:26 of 3rd period - Snap shot by Mitchell Marner.
14:26 of 3rd period - Stopped by Igor Shesterkin with a rebound.
14:34 of 3rd period - Wrist shot by David Kampf.
14:34 of 3rd period - Stopped by Akira Schmid with a rebound.
15:27 of 3rd period - Wrist shot by Leon Draisaitl.
15:27 of 3rd period - Shot Blocked by Conor Garland.
15:29 of 3rd period - Wrist shot by Leon Draisaitl.
15:29 of 3rd period - Shot Misses the Net.
16:10 of 3rd period - Filip Chytil is hit by Phillip Danault and loses puck.
16:19 of 3rd period - Slapshot by Jordan Eberle.
16:19 of 3rd period - Shot Blocked by Tyler Motte.
16:31 of 3rd period - Erik Karlsson is hit by Gabriel Landeskog.
17:23 of 3rd period - Jake McCabe is hit by Jordan Eberle and loses puck.
18:34 of 3rd period - Pittsburgh Penguins, Akira Schmid is pulled from the net.
18:36 of 3rd period - Snap shot by Phillip Danault.
18:36 of 3rd period - Stopped by Igor Shesterkin without a rebound.
18:37 of 3rd period - Phillip Danault wins face-off versus Mikael Granlund in New York Rangers zone.
18:46 of 3rd period - Snap shot by Ryan Johansen.
18:46 of 3rd period - Stopped by Igor Shesterkin without a rebound.
18:47 of 3rd period - Peter DeBoer call a timeout for Pittsburgh Penguins.
18:47 of 3rd period - Leon Draisaitl wins face-off versus Mikael Granlund in New York Rangers zone.
18:52 of 3rd period - Slapshot by Mitchell Marner.
18:52 of 3rd period - Shot Misses the Net.
19:03 of 3rd period - Wrist shot by Leon Draisaitl.
19:03 of 3rd period - Goal by Leon Draisaitl - New York Rangers : 1 - Pittsburgh Penguins : 1.
19:03 of 3rd period - Akira Schmid from Pittsburgh Penguins was sent back in the game.
19:04 of 3rd period - Phillip Danault wins face-off versus Mikael Granlund in neutral zone.
19:32 of 3rd period - Snap shot by Mathew Barzal.
19:32 of 3rd period - Stopped by Akira Schmid without a rebound.
19:33 of 3rd period - Jean-Gabriel Pageau wins face-off versus Filip Chytil in Pittsburgh Penguins zone.
Goals for this period are 0 for New York Rangers vs 1 for Pittsburgh Penguins.
Shots for this period are 10 for New York Rangers vs 8 for Pittsburgh Penguins.
Overtime #1
0:01 of 1st overtime period - Leon Draisaitl wins face-off versus Nathan MacKinnon in neutral zone.
0:26 of 1st overtime period - Pavel Buchnevich is hit by Cole Caufield and loses puck.
2:04 of 1st overtime period - Dmitry Kulikov is hit by Brian Dumoulin and loses puck.
2:49 of 1st overtime period - Wrist shot by Gabriel Vilardi.
2:49 of 1st overtime period - Shot Blocked by Cam Fowler.
2:51 of 1st overtime period - Snap shot by Tom Wilson.
2:51 of 1st overtime period - Goal by Tom Wilson - New York Rangers : 1 - Pittsburgh Penguins : 2.
Goals for this period are 0 for New York Rangers vs 1 for Pittsburgh Penguins.
Shots for this period are 0 for New York Rangers vs 1 for Pittsburgh Penguins.
Back to the Top